 Dungeon Crawl Stone Soup version 0.22-a0-605-g9281fa2 (webtiles) character file.

70 Gildeon the Charmwright (level 3, -3/29 HPs)
             Began as a Demigod Skald on July 8, 2018.
             Killed by nerve-wracking pain
             ... invoked by a shadow imp
             ... summoned by Natasha
              (8 damage)
             ... on level 2 of the Dungeon.
             The game lasted 00:08:43 (1749 turns).

Gildeon the Charmwright (Demigod Skald)             Turns: 1749, Time: 00:08:44

Health: -3/29      AC:  5    Str: 14    XL:     3   Next: 76%
Magic:  4/9        EV: 12    Int: 19    God:
Gold:   49         SH:  0    Dex: 15    Spells: 1/6 levels left

rFire    . . .     SeeInvis .   a - +0 mace
rCold    . . .     Gourm    .   (no shield)
rNeg     . . .     Faith    .   b - +0 leather armour
rPois    .         Spirit   .   (no helmet)
rElec    .         Reflect  .   (no cloak)
rCorr    .         Harm     .   g - +0 pair of gloves
MR       .....                  (no boots)
Stlth    +.........             (no amulet)
HPRegen  0.09/turn              (no ring)
MPRegen  0.11/turn              (no ring)

@: infused (expiring)
A: high mp 1, shaggy fur 1, subdued magic 1
a: no special abilities


You were on level 2 of the Dungeon.
You were not hungry.

You visited 1 branch of the dungeon, and saw 2 of its levels.

You collected 49 gold pieces.

Inventory:

Hand Weapons
 a - a +0 mace (weapon)
Armour
 b - a +0 leather armour (worn)
 g - a +0 pair of gloves (worn)
Wands
 i - a wand of enslavement (7)
Potions
 h - a potion of resistance {unknown}
 j - a potion of magic {unknown}
Comestibles
 c - a chunk of flesh
 d - 3 rations


   Skills:
 - Level 1.7 Fighting
 * Level 3.0 Maces & Flails
 - Level 0.8 Armour
 - Level 1.7 Dodging
 + Level 2.3 Spellcasting
 + Level 3.2 Charms


You had one spell level left.
You knew the following spells:

 Your Spells              Type           Power        Failure   Level  Hunger
a - Infusion              Chrm           ##..         4%          1    #......
b - Song of Slaying       Chrm           ##......     7%          2    ##.....
c - Shroud of Golubria    Chrm/Tloc      #.........   13%         2    ##.....

Your spell library contained the following spells:

 Spells                   Type           Power        Failure   Level  Hunger
 Regeneration             Chrm/Necr      #.........   26%         3    ###....
 Spectral Weapon          Hex/Chrm       #.......     26%         3    ###....


Dungeon Overview and Level Annotations

Branches:
Dungeon (2/15)

Annotations:
D:2 Natasha


Innate Abilities, Weirdness & Mutations

You have an increased reservoir of magic. (+10% MP)
You are covered in fur. (AC +1)
Your spells are a little easier to cast, but a little less powerful.


Message History

* * * LOW HITPOINT WARNING * * *
You hit Natasha!
Natasha is heavily wounded.
Your magical infusion is running out.
The shadow imp hits you but does no damage.
Natasha howls an incantation.
Natasha's front paws start to glow.
Natasha claws you.
* * * LOW HITPOINT WARNING * * *
It was a potion of curing.
You feel better.
The shadow imp disappears for a moment.
The shadow imp hits you.
* * * LOW HITPOINT WARNING * * *
Natasha claws you.
* * * LOW HITPOINT WARNING * * *
It was a potion of mutation.
You feel extremely strange.
Your connection to magic feels subdued.
Fur sprouts all over your body. The shadow imp gestures at you.
Pain shoots through your body!
You die...

#.#
######.###.#
#.........#
#.####..#...#
#.##..#...#...
#.#.#...#...#.
#.#...#...#...
#...#...#.. #.
#..@h5#...#.
#..5#...# (.#
##....#...#
#..#...#..
#....#...#
##.... #..
###### #


You could see Natasha, a white imp and a shadow imp.

Vanquished Creatures
  Natasha (D:2)
  An adder (D:2)
  A worm (D:2)
  A dart slug (D:1)
  A leopard gecko (D:1)
  3 giant cockroaches (D:1)
  3 goblins (D:1)
  5 hobgoblins
  5 kobolds
  A quokka (D:2)
  4 bats
  3 rats
29 creatures vanquished.

Notes
Turn   | Place    | Note
-------+----------+-------------------------------------------
     0 | D:1      | Gildeon the Demigod Skald began the quest for the Orb.
     0 | D:1      | Reached XP level 1. HP: 17/17 MP: 5/5
   346 | D:1      | Reached XP level 2. HP: 24/24 MP: 2/7
   363 | D:1      | Learned a level 2 spell: Song of Slaying
   366 | D:1      | Learned a level 2 spell: Shroud of Golubria
  1035 | D:2      | Noticed Natasha
  1048 | D:2      | Killed Natasha
  1048 | D:2      | Reached XP level 3. HP: 7/29 MP: 2/9
  1738 | D:2      | Noticed Natasha
  1749 | D:2      | Gained mutation: Your spells are a little easier to cast, but a little less powerful. [potion of mutation]
  1749 | D:2      | Gained mutation: You are covered in fur. (AC +1) [potion of mutation]
  1749 | D:2      | Killed from afar by a shadow imp

Vault maps used:
D:1:      dpeg_arrival_houses_and_road, minmay_unequal
D:2:      first_ration, hex_medium, uniq_natasha

Skill      XL: |  1  2  3 |
---------------+----------+-----
Maces & Flails | 2 3 |  3.0
Spellcasting   | 2 |  2.3
Charms         | 3 |  3.2
Fighting       | |  1.7
Armour         | |  0.8
Dodging        | |  1.7

Action                   || total
-------------------------++-------
Melee: Mace              ||    90
 Cast: Infusion          ||    15
       Shroud of Golubri ||     1
  Use: Scroll            ||     3
       Potion            ||     2
  Eat: Chunk             ||     1
       Ration            ||     1
Armor: Leather armour    ||    23
Dodge: Dodged            ||    69

Table legend:
 A = Spawn XP
 B = Non-spawn XP
 C = Spawn XP percentage of total XP
 D = Spawn monster count
 E = Non-spawn monster count
 F = Spawn count percentage of total count
 G = Total turns spent on level
                    A         B        C        D         E        F      G
               +---------+---------+-------+---------+---------+-------+---------
         Total |       0 |     100 |   0.0 |       0 |      29 |   0.0 |  1749
               +---------+---------+-------+---------+---------+-------+---------
           D:1 |       0 |      36 |   0.0 |       0 |      19 |   0.0 |   839
           D:2 |       0 |      64 |   0.0 |       0 |      10 |   0.0 |   910
               +---------+---------+-------+---------+---------+-------+---------
